Map: Bel'Shir Vestige LE (Void)

Players

Nerchio - Winner!

  • Race: Zerg Zerg
  • Spawn Location: 5:00

Kelazhur

  • Race: Terran Terran
  • Spawn Location: 11:00

Event: WCS Austin 2017

VOD

Have the link to the VOD?

Description

Time

  • Played on: April 29, 2017, 11:32 p.m.
  • Length: 15:25

All games in this series

Show
View Real Time Build Order
Export as new Build Order

Nerchio Zerg - Winner!

Build Orders: Pool First 

Get SALT Encoding   

  12  0:00  Drone  
  13  0:12  Overlord  
  13  0:17  Drone  
  14  0:30  Drone x2  
  14  0:34  Drone  
  17  0:43  Spawning Pool  
  17  0:47  Drone  
  17  0:55  Drone  
  18  0:57  Extractor  
  17  1:06  Drone  
  18  1:16  Hatchery  
  17  1:29  Queen  
  17  1:31  Zergling x2  
  20  1:34  Drone  
  20  1:38  Drone  
  22  1:49  Overlord  
  22  2:01  Metabolic Boost  
  22  2:06  Queen  
  24  2:12  Drone x2  
  26  2:21  Drone  
  27  2:28  Queen  
  27  2:29  Drone  
  30  2:32  Drone  
  31  2:38  Overlord  
  31  2:39  Drone  
  31  2:41  Drone  
  31  2:43  Drone  
  34  2:46  Drone  
  35  3:02  Hatchery  
  34  3:07  Drone x2  
  36  3:13  Zergling x2  
  36  3:15  Drone  
  36  3:16  Drone x2  
  36  3:19  Overlord  
  40  3:22  Drone  
  40  3:23  Drone  
  40  3:25  Drone  
  43  3:40  Drone x5  
  47  3:41  Drone, Roach Warren  
  47  3:49  Overlord  
  47  3:52  Drone  
  47  3:53  Evolution Chamber  
  47  3:55  Drone x3  
  50  4:00  Extractor x2  
  50  4:02  Lair  
  48  4:03  Drone  
  48  4:06  Overlord  
  48  4:08  Drone  
  50  4:10  Drone  
  50  4:11  Drone  
  52  4:20  Drone x2  
  54  4:30  Roach x3  
  60  4:33  Queen  
  60  4:38  Roach x2  
  66  4:43  Roach x2  
  66  4:44  Roach  
  72  4:46  Overlord x2  
  72  4:50  Roach  
  74  4:57  Overlord x2  
  74  5:06  Roach x2  
  78  5:08  Glial Reconstitution  
  78  5:10  Drone x3  
  78  5:11  Extractor  
  78  5:14  Roach x2  
  83  5:18  Roach  
  83  5:19  Drone x3  
  83  5:20  Drone x2  
  86  5:26  Drone x4  
  90  5:33  Zerg Ground Armor Level 1  
  90  5:41  Drone x2  
  90  5:42  Drone x5  
  91  5:45  Drone, Queen  
  94  5:50  Queen  
  94  5:54  Infestation Pit  
  94  5:55  Roach x2  
  99  5:58  Roach  
  99  6:00  Roach, Extractor  
  99  6:01  Roach, Extractor  
  99  6:03  Overlord  
  103  6:05  Roach  
  103  6:10  Overlord x2  
  105  6:15  Overlord  
  105  6:20  Overlord  
  105  6:21  Queen  
  105  6:22  Roach x2  
  105  6:25  Drone, Evolution Chamber  
  113  6:32  Roach  
  113  6:33  Roach x3  
  113  6:34  Ravager  
  113  6:35  Ravager  
  113  6:37  Roach  
  113  6:38  Roach  
  125  6:45  Drone  
  118  6:48  Drone x2  
  120  6:54  Infestor, Hive  
  120  6:58  Queen  
  124  7:03  Hatchery  
  124  7:04  Zerg Melee Weapons Level 1  
  124  7:07  Ravager x2  
  124  7:08  Roach x3  
  131  7:11  Roach x2  
  135  7:16  Roach x3  
  135  7:18  Overlord  
  141  7:25  Overlord x3  
  141  7:30  Overlord x2  
  141  7:34  Zerg Ground Armor Level 2  
  141  7:46  Drone x3, Burrow  
  141  7:47  Drone x5  
  141  7:49  Infestor  
  151  7:58  Overlord  
  151  8:02  Extractor  
  150  8:06  Zergling x24  
  150  8:07  Zergling x2  
  150  8:12  Zergling x2  
  164  8:15  Ultralisk Cavern  
  164  8:16  Adrenal Glands  
  163  8:27  Ravager x2  
  163  8:28  Zergling x14  
  172  8:34  Overlord  
  172  8:45  Overlord x2  
  172  8:48  Ravager  
  173  9:00  Zerg Melee Weapons Level 2  
  173  9:02  Chitinous Plating  
  170  9:03  Ultralisk x2  
  182  9:11  Ultralisk  
  182  9:12  Extractor  
  187  9:20  Drone x3  
  187  9:22  Overlord  
  190  9:25  Overlord  
  190  9:34  Ultralisk  
  190  9:37  Pneumatized Carapace  
  179  9:46  Ultralisk x2  
  167  9:52  Zergling x2  
  167  9:53  Zergling x32  
  167  9:54  Zergling x2  
  169  10:00  Drone x2  
  169  10:01  Drone x2  
  169  10:03  Drone  
  168  10:08  Infestor x2  
  168  10:13  Ravager x2  
  164  10:15  Zergling x2  
  164  10:16  Zergling x6  
  164  10:17  Zergling x4  
  164  10:18  Zergling x6  
  164  10:20  Zergling x2  
  156  10:25  Overseer  
  156  10:27  Ultralisk  
  160  10:29  Drone  
  160  10:30  Extractor  
  160  10:38  Ultralisk  
  160  10:40  Overseer  
  164  10:43  Drone x2  
  164  10:44  Drone x3  
  160  10:51  Ultralisk  
  160  10:55  Drone x3  
  173  11:04  Ultralisk  
  173  11:05  Drone  
  173  11:06  Drone x2  
  173  11:11  Ravager x3  
  179  11:17  Ultralisk  
  176  11:29  Ultralisk  
  173  11:32  Zergling x2  
  173  11:33  Zergling x18  
  182  11:42  Zerg Ground Armor Level 3  
  181  11:49  Spore Crawler  
  181  11:52  Zergling x12  
  186  11:59  Ultralisk  
  192  12:02  Ultralisk  
  192  12:16  Ultralisk  
  192  12:18  Zergling x2  
  192  12:19  Zergling x18  
  195  12:34  Zergling x2  
  195  12:35  Zergling x6  
  199  12:47  Ultralisk  
  193  12:56  Queen  
  192  13:01  Zergling x8  
  184  13:19  Hatchery  
  182  13:25  Ultralisk x4  
  193  13:31  Ultralisk  
  193  13:32  Hatchery  
  168  13:34  Zergling x2  
  168  13:35  Zergling x6  
  171  13:47  Ultralisk  
  177  13:52  Zergling x16  
  185  14:01  Zergling x14  
  192  14:06  Infestor x2  
  190  14:12  Zergling x2  
  190  14:13  Zergling x8  
  183  14:30  Ultralisk  
  183  14:31  Ultralisk  
  184  14:33  Infestor x2  
  170  14:40  Ultralisk  
  170  14:44  Infestor  
  175  14:47  Zergling x4  
  175  14:48  Zergling x2  
  178  14:55  Zergling x2  
  178  14:56  Zergling x6  
  182  15:02  Overseer  
  171  15:24  Extractor  
Show
View Real Time Build Order
Export as new Build Order

Kelazhur Terran 

Build Orders: Reaper Expand, MMM Bio 

Get SALT Encoding   

  12  0:00  SCV  
  13  0:13  SCV  
  14  0:17  Supply Depot  
  14  0:25  SCV  
  15  0:38  SCV  
  15  0:40  Barracks  
  16  0:43  Refinery  
  16  0:50  SCV  
  17  1:02  SCV  
  18  1:14  SCV  
  19  1:27  Reaper, Orbital Command  
  20  1:37  Command Center  
  20  1:47  Barracks  
  20  1:52  SCV  
  21  1:59  Marine  
  22  2:05  SCV  
  23  2:10  Supply Depot  
  23  2:17  Barracks Reactor  
  23  2:18  Refinery  
  23  2:30  Factory  
  23  2:32  SCV  
  23  2:35  Barracks Tech Lab  
  24  2:44  SCV  
  24  2:50  Orbital Command  
  25  2:53  Marine  
  25  2:54  Marine  
  25  2:55  Marine  
  25  2:56  SCV  
  29  2:59  Stimpack  
  29  3:08  SCV  
  29  3:11  Marine x2  
  32  3:14  Marine  
  32  3:16  SCV  
  34  3:20  SCV  
  34  3:21  Starport  
  34  3:23  Factory Reactor  
  35  3:28  SCV  
  35  3:29  Marine x2  
  35  3:32  SCV  
  39  3:38  Marine  
  39  3:40  SCV  
  41  3:43  Supply Depot  
  41  3:45  SCV  
  42  3:52  SCV  
  42  3:53  Marine  
  42  3:54  Marine  
  45  3:57  SCV  
  45  3:59  Supply Depot  
  46  4:04  Marine, SCV  
  46  4:08  Medivac x2  
  52  4:10  Supply Depot, SCV  
  52  4:12  Marine  
  54  4:20  Marine, SCV  
  54  4:22  Supply Depot, SCV  
  57  4:26  Engineering Bay, Marine  
  57  4:30  Marine  
  59  4:32  Engineering Bay  
  59  4:34  SCV  
  59  4:38  Marine  
  61  4:41  SCV  
  61  4:44  Marine  
  63  4:46  SCV  
  63  4:48  Marine  
  63  4:49  Supply Depot  
  65  4:54  Terran Infantry Weapons Level 1, SCV  
  65  4:58  Terran Infantry Armor Level 1  
  65  4:59  Combat Shields, Marine, SCV  
  67  5:02  Marine  
  67  5:05  Supply Depot  
  67  5:06  Marine  
  70  5:10  SCV  
  69  5:18  SCV  
  69  5:19  Marine  
  69  5:20  Marine  
  69  5:24  Command Center  
  69  5:25  Marine  
  69  5:26  SCV  
  71  5:28  Supply Depot  
  71  5:30  SCV  
  71  5:32  Medivac  
  71  5:33  Medivac  
  75  5:43  SCV  
  75  5:44  Marine x3  
  75  5:46  SCV  
  80  5:50  Supply Depot  
  80  5:55  Barracks, SCV, Armory  
  81  5:58  Refinery  
  81  5:59  Refinery  
  81  6:02  Marine x2  
  81  6:03  SCV  
  84  6:08  SCV  
  87  6:11  Marauder  
  87  6:15  SCV  
  88  6:20  Barracks, SCV  
  88  6:21  Supply Depot, Barracks  
  88  6:24  Marine  
  88  6:25  Marine  
  91  6:28  SCV  
  91  6:32  Factory Reactor  
  92  6:34  Marauder  
  92  6:36  SCV  
  92  6:39  Orbital Command  
  95  6:42  Marine x2  
  85  6:52  Barracks Reactor  
  83  6:54  Terran Infantry Weapons Level 2, Terran Infantry Armor Level 2  
  83  6:55  Marine  
  83  6:58  SCV x2  
  83  7:00  Marine x2  
  87  7:08  Barracks Reactor  
  87  7:09  Barracks Reactor  
  87  7:10  SCV x2  
  89  7:17  Marauder  
  89  7:20  Supply Depot x2, Widow Mine  
  89  7:21  Widow Mine  
  95  7:23  Marine x2  
  95  7:29  Orbital Command  
  97  7:30  SCV x2  
  97  7:31  Marine x2  
  101  7:37  Marine  
  101  7:39  Barracks  
  101  7:40  Barracks  
  101  7:43  Marine  
  101  7:44  Marine  
  104  7:47  Marine x4  
  104  7:48  Supply Depot  
  108  8:00  Barracks  
  108  8:02  Marauder  
  108  8:03  Concussive Shells  
  108  8:04  Marine  
  108  8:05  Marine x2  
  113  8:06  SCV x3  
  116  8:17  Marine x5  
  116  8:18  Medivac x2, SCV  
  126  8:20  Widow Mine x2  
  126  8:21  Marine  
  126  8:24  Marauder  
  126  8:26  Supply Depot, Marine  
  134  8:27  Barracks Tech Lab x2  
  134  8:29  Marine  
  133  8:34  Marine  
  134  8:42  Marine x5  
  134  8:44  Marine  
  134  8:45  Marauder  
  134  8:47  Marine  
  143  8:48  Marine  
  143  8:49  Widow Mine x2, Marauder  
  143  8:51  Barracks Tech Lab  
  143  8:52  Marine  
  151  8:57  SCV  
  151  9:00  Medivac x2  
  151  9:01  Marine x5  
  151  9:02  Marine  
  153  9:06  Marauder  
  153  9:07  Marauder  
  153  9:09  Marine  
  157  9:10  Marauder  
  157  9:11  Supply Depot  
  157  9:13  Supply Depot  
  160  9:17  Widow Mine x2  
  160  9:20  Marine  
  165  9:24  Supply Depot  
  165  9:25  Supply Depot  
  165  9:32  Terran Infantry Weapons Level 3, Marine x2  
  165  9:33  Marauder x3  
  165  9:34  Marine  
  165  9:35  Marine x2  
  176  9:41  Terran Infantry Armor Level 3  
  148  9:54  Marine  
  148  9:55  Marauder x2  
  148  9:56  Widow Mine, Marauder, Marine  
  149  10:03  Marauder, Marine  
  132  10:16  Marauder x2  
  132  10:17  Marauder  
  137  10:21  Marine  
  137  10:25  Marauder  
  137  10:27  Marine x7  
  144  10:29  Widow Mine  
  144  10:30  Widow Mine, Medivac x2  
  152  10:37  Marauder  
  152  10:38  Marauder, Marine  
  152  10:39  Marine  
  152  10:40  Command Center  
  157  10:47  Marauder  
  158  10:50  Marine  
  158  10:56  Marauder  
  161  10:59  Marauder  
  161  11:00  Marine  
  161  11:01  Marauder, Marine x5  
  161  11:03  Marine  
  164  11:07  Marine  
  157  11:19  Marauder x2  
  157  11:20  Marine  
  157  11:21  Marine  
  163  11:32  Marine  
  162  11:33  Marauder x2, Marine x5  
  162  11:35  Unknown  
  162  11:38  Widow Mine, Marine  
  162  11:39  Marine  
  170  11:41  Marauder x2  
  174  11:50  Marine  
  174  11:51  Medivac  
  174  11:52  Medivac  
  183  11:54  Marauder x2  
  182  12:02  Marauder  
  182  12:05  Marauder, Planetary Fortress  
  186  12:09  Marine  
  186  12:10  Unknown  
  186  12:12  Marine  
  132  12:23  Marauder, Marine x5  
  132  12:25  Marine  
  132  12:26  Marine x3  
  132  12:27  Marine, Orbital Command  
  138  12:30  Marine  
  116  12:44  Marauder x3  
  116  12:45  Marauder  
  116  12:47  Marine  
  116  12:48  Marine x6  
  126  12:51  Orbital Command  
  126  12:56  Marine  
  129  13:05  Marauder  
  129  13:07  Marauder, Marine x7  
  129  13:09  Widow Mine x2  
  142  13:17  SCV  
  142  13:18  SCV x2  
  143  13:26  Marauder  
  91  13:35  Marauder x2  
  91  13:36  Marauder  
  91  13:37  Orbital Command  
  91  13:38  Marine  
  91  13:40  Marine  
  99  13:47  Marauder  
  97  13:49  Marine  
  97  13:50  Marine  
  97  13:51  Marine  
  97  13:55  Marine  
  100  13:57  Marauder  
  102  14:06  Marauder x2  
  105  14:13  Marauder  
  105  14:18  Medivac, Marauder  
  109  14:27  Orbital Command  
  96  14:36  Marauder  
Tags
 
Add a new tag
Caveats
  • Supply blocks, unpowered buildings, or Contaminate may cause inaccurate times.
  • Supply counts are checked every 10 seconds.